[ AOE2 MATCH · #504897886 ]
UnrankedMapuche vs Mongols
Player's team · WIN
Rival team · LOSS
[ REPLAY ANALYSIS · EXTRACTED FROM THE RECORDED GAME ]
Feudal
9:40
Castle
16:47
Imperial
—
| APM avg | 120.5 |
| APM peak | 175 |
| eAPM avg | 55.4 |
| Villagers / military | 102 / 31 |
Focus
⚔️ 69.4% · 🌾 30.6%
Bolas Rider ×23 · Skirmisher ×8
Feudal
9:41
Castle
20:01
Imperial
—
| APM avg | 43.3 |
| APM peak | 83 |
| eAPM avg | 21.0 |
| Villagers / military | 50 / 28 |
Focus
⚔️ 28.0% · 🌾 72.0%
Cavalry Archer ×15 · Skirmisher ×4 · Camel Scout ×4 · Militia ×3 · Archer ×2
Match map
Initial resources + every placement click. Lines = walls · curves = elevation contours. ◆ gold · ⬟ stone · ● berries · ✦ relic · ◌ wall gap
Your base· Open — unwalled flank
WhiteForest's base· ✓ Closed at 20:01 · 33t walls · no gate
Smoothed initial terrain · ◌ = detected wall gap · hover for details
Inputs per minute
— blytz - - WhiteForest
Build order — blytz
First 150 of 205 actions detected
| 0:00 | Create | Villager (Male) |
| 0:00 | Create | Villager (Male) |
| 0:01 | Create | Villager (Male) |
| 0:02 | Build | House |
| 0:02 | Build | House |
| 0:06 | Create | Villager (Male) |
| 1:27 | Create | Villager (Male) |
| 1:27 | Create | Villager (Male) |
| 1:59 | Create | Villager (Male) |
| 2:00 | Create | Villager (Male) |
| 2:16 | Build | Settlement |
| 2:35 | Create | Villager (Male) |
| 2:35 | Create | Villager (Male) |
| 2:53 | Create | Villager (Male) |
| 3:16 | Create | Villager (Male) |
| 3:21 | Create | Villager (Male) |
| 3:22 | Create | Villager (Male) |
| 3:41 | Create | Villager (Male) |
| 4:17 | Create | Villager (Male) |
| 4:50 | Create | Villager (Male) |
| 4:55 | Create | Villager (Male) |
| 5:11 | Build | Settlement |
| 5:20 | Create | Villager (Male) |
| 5:31 | Create | Villager (Male) |
| 6:54 | Research | Loom |
| 6:54 | Research | Loom |
| 7:15 | Research | Feudal Age |
| 7:41 | Build | Settlement |
| 8:43 | Build | House |
| 8:49 | Build | Settlement |
| 8:49 | Create | Villager (Male) |
| 8:57 | Create | Villager (Male) |
| 9:32 | Build | Farm |
| 9:34 | Build | Farm |
| 9:36 | Create | Villager (Male) |
| 9:40 | Age | Feudal Age |
| 9:44 | Create | Skirmisher |
| 9:44 | Create | Skirmisher |
| 9:47 | Create | Villager (Male) |
| 9:51 | Build | Farm |
| 9:55 | Research | Double-Bit Axe |
| 9:57 | Create | Villager (Male) |
| 10:08 | Create | Villager (Male) |
| 10:12 | Create | Villager (Male) |
| 10:12 | Create | Villager (Male) |
| 10:26 | Create | Villager (Male) |
| 10:27 | Create | Villager (Male) |
| 10:28 | Build | Farm |
| 10:28 | Create | Villager (Male) |
| 10:34 | Create | Villager (Male) |
| 10:36 | Create | Villager (Male) |
| 10:36 | Create | Villager (Male) |
| 10:46 | Create | Villager (Male) |
| 10:48 | Build | Farm |
| 10:52 | Create | Villager (Male) |
| 10:53 | Create | Villager (Male) |
| 11:01 | Create | Villager (Male) |
| 11:07 | Create | Villager (Male) |
| 11:26 | Create | Villager (Male) |
| 11:27 | Create | Villager (Male) |
| 11:43 | Create | Villager (Male) |
| 11:44 | Create | Villager (Male) |
| 11:46 | Build | Market |
| 11:53 | Create | Villager (Male) |
| 12:06 | Create | Villager (Male) |
| 12:17 | Create | Villager (Male) |
| 12:20 | Create | Villager (Male) |
| 12:23 | Build | Blacksmith |
| 12:38 | Create | Villager (Male) |
| 12:38 | Create | Villager (Male) |
| 12:41 | Create | Villager (Male) |
| 12:46 | Create | Skirmisher |
| 12:47 | Create | Skirmisher |
| 12:47 | Create | Skirmisher |
| 12:49 | Create | Villager (Male) |
| 12:50 | Create | Villager (Male) |
| 12:51 | Create | Villager (Male) |
| 12:52 | Create | Villager (Male) |
| 12:56 | Create | Villager (Male) |
| 12:59 | Create | Villager (Male) |
| 13:01 | Build | House |
| 13:09 | Research | Town Watch |
| 13:09 | Research | Town Watch |
| 13:12 | Build | Palisade Wall |
| 13:14 | Build | House |
| 13:16 | Create | Villager (Male) |
| 13:18 | Create | Villager (Male) |
| 13:20 | Create | Villager (Male) |
| 13:20 | Create | Villager (Male) |
| 13:22 | Build | Palisade Wall |
| 13:28 | Create | Villager (Male) |
| 13:29 | Create | Villager (Male) |
| 13:31 | Build | Farm |
| 13:32 | Create | Villager (Male) |
| 13:43 | Create | Villager (Male) |
| 14:05 | Build | House |
| 14:07 | Research | Castle Age |
| 14:07 | Research | Castle Age |
| 14:29 | Build | Farm |
| 14:34 | Create | Villager (Male) |
| 14:37 | Create | Villager (Male) |
| 14:39 | Build | Barracks |
| 15:03 | Research | Fletching |
| 15:03 | Research | Fletching |
| 15:08 | Create | Villager (Male) |
| 15:11 | Build | House |
| 15:15 | Create | Villager (Male) |
| 15:23 | Create | Villager (Male) |
| 15:32 | Create | Villager (Male) |
| 15:34 | Build | Archery Range |
| 15:57 | Research | Padded Archer Armor |
| 15:59 | Create | Skirmisher |
| 15:59 | Create | Skirmisher |
| 16:01 | Create | Skirmisher |
| 16:03 | Create | Villager (Male) |
| 16:32 | Create | Villager (Male) |
| 16:37 | Create | Villager (Male) |
| 16:39 | Build | Archery Range |
| 16:47 | Age | Castle Age |
| 17:13 | Create | Bolas Rider |
| 17:13 | Create | Bolas Rider |
| 17:18 | Research | Bow Saw |
| 17:19 | Research | Bodkin Arrow |
| 17:19 | Research | Bodkin Arrow |
| 17:39 | Create | Bolas Rider |
| 17:41 | Create | Villager (Male) |
| 17:47 | Create | Villager (Male) |
| 17:57 | Create | Bolas Rider |
| 18:00 | Create | Bolas Rider |
| 18:06 | Create | Villager (Male) |
| 18:10 | Build | Farm |
| 18:10 | Build | Farm |
| 18:12 | Create | Villager (Male) |
| 18:16 | Build | House |
| 18:28 | Create | Bolas Rider |
| 18:29 | Build | Farm |
| 18:32 | Create | Villager (Male) |
| 18:34 | Build | House |
| 18:44 | Build | Farm |
| 18:49 | Build | Farm |
| 19:05 | Create | Villager (Male) |
| 19:10 | Build | Farm |
| 19:11 | Create | Bolas Rider |
| 19:13 | Create | Bolas Rider |
| 19:15 | Create | Villager (Male) |
| 19:34 | Create | Villager (Male) |
| 19:37 | Build | House |
| 19:52 | Create | Bolas Rider |
| 20:02 | Create | Bolas Rider |
| 20:04 | Create | Villager (Male) |
Build order — WhiteForest
148 actions detected in the replay
| 0:01 | Create | Villager (Male) ×4 |
| 0:02 | Build | House |
| 0:03 | Build | House |
| 1:22 | Create | Villager (Male) |
| 1:45 | Build | Lumber Camp |
| 1:59 | Create | Villager (Male) |
| 2:02 | Create | Villager (Male) |
| 2:02 | Create | Villager (Male) |
| 2:50 | Create | Villager (Male) |
| 3:00 | Create | Villager (Male) |
| 3:01 | Create | Villager (Male) |
| 3:40 | Create | Villager (Male) |
| 3:56 | Build | House |
| 4:07 | Create | Villager (Male) |
| 4:10 | Create | Villager (Male) |
| 4:21 | Create | Villager (Male) |
| 4:21 | Create | Villager (Male) |
| 4:41 | Create | Villager (Male) |
| 4:47 | Build | Barracks |
| 5:03 | Build | House |
| 5:32 | Create | Villager (Male) |
| 5:40 | Create | Militia |
| 5:40 | Create | Militia |
| 5:41 | Create | Militia |
| 6:09 | Build | Mill |
| 6:13 | Create | Villager (Male) |
| 6:55 | Build | Mining Camp |
| 6:58 | Research | Loom |
| 7:28 | Research | Feudal Age |
| 9:11 | Build | House |
| 9:14 | Build | Palisade Wall |
| 9:15 | Build | Palisade Wall |
| 9:21 | Create | Villager (Male) |
| 9:41 | Age | Feudal Age |
| 9:42 | Build | Archery Range |
| 9:45 | Research | Double-Bit Axe |
| 9:46 | Research | Double-Bit Axe |
| 9:49 | Create | Villager (Male) |
| 9:50 | Research | Horse Collar |
| 10:13 | Create | Villager (Male) |
| 10:26 | Create | Archer |
| 10:30 | Create | Villager (Male) |
| 10:32 | Build | Farm |
| 10:34 | Build | Farm |
| 10:51 | Create | Villager (Male) |
| 10:56 | Create | Skirmisher |
| 10:59 | Create | Villager (Male) |
| 11:01 | Build | Farm |
| 11:19 | Create | Villager (Male) |
| 11:24 | Create | Skirmisher |
| 11:26 | Build | Farm |
| 11:29 | Build | House |
| 11:47 | Create | Skirmisher |
| 11:48 | Create | Villager (Male) |
| 11:54 | Build | Farm |
| 12:18 | Build | Blacksmith |
| 12:20 | Create | Skirmisher |
| 12:22 | Create | Villager (Male) |
| 12:34 | Build | Palisade Wall |
| 12:42 | Build | Farm |
| 12:46 | Build | Farm |
| 12:53 | Build | Palisade Wall |
| 12:56 | Create | Villager (Male) |
| 12:58 | Build | Palisade Wall |
| 13:04 | Create | Archer |
| 13:24 | Build | House |
| 13:25 | Build | Palisade Wall |
| 13:28 | Build | House |
| 13:31 | Research | Wheelbarrow |
| 13:37 | Build | Farm |
| 13:54 | Build | Farm |
| 13:56 | Build | Farm |
| 14:23 | Research | Fletching |
| 14:36 | Create | Villager (Male) |
| 14:46 | Build | Farm |
| 14:52 | Build | Farm |
| 15:09 | Create | Villager (Male) |
| 15:12 | Build | Farm |
| 15:24 | Create | Villager (Male) |
| 15:27 | Build | Farm |
| 15:52 | Create | Villager (Male) |
| 16:11 | Build | Stable |
| 16:26 | Create | Villager (Male) |
| 16:43 | Build | Market |
| 16:55 | Create | Villager (Male) |
| 17:09 | Build | Palisade Wall |
| 17:11 | Build | Palisade Wall |
| 17:21 | Research | Castle Age |
| 17:21 | Research | Castle Age |
| 18:00 | Build | Archery Range |
| 18:14 | Research | Bloodlines |
| 18:15 | Research | Bloodlines |
| 18:23 | Build | House |
| 18:38 | Build | House |
| 18:46 | Research | Gold Mining |
| 18:47 | Research | Gold Mining |
| 18:47 | Research | Padded Archer Armor |
| 18:47 | Research | Padded Archer Armor |
| 19:06 | Build | House |
| 20:01 | Age | Castle Age |
| 20:06 | Create | Cavalry Archer |
| 20:07 | Create | Cavalry Archer |
| 20:08 | Create | Camel Scout |
| 20:16 | Build | House |
| 20:17 | Build | House |
| 20:27 | Create | Cavalry Archer |
| 20:28 | Create | Cavalry Archer |
| 20:32 | Build | Town Center |
| 20:37 | Create | Villager (Male) |
| 20:52 | Create | Camel Scout |
| 20:53 | Create | Cavalry Archer |
| 20:55 | Create | Cavalry Archer |
| 21:03 | Create | Villager (Male) |
| 21:22 | Create | Camel Scout |
| 21:25 | Create | Cavalry Archer |
| 21:26 | Create | Cavalry Archer |
| 21:31 | Research | Bodkin Arrow |
| 21:31 | Research | Bodkin Arrow |
| 21:53 | Research | Husbandry |
| 21:53 | Research | Husbandry |
| 21:59 | Create | Villager (Male) |
| 22:08 | Create | Cavalry Archer |
| 22:09 | Create | Cavalry Archer |
| 22:15 | Create | Villager (Male) |
| 22:17 | Create | Villager (Male) |
| 22:17 | Create | Villager (Male) |
| 22:21 | Build | University |
| 22:29 | Create | Villager (Male) |
| 22:36 | Create | Villager (Male) |
| 22:41 | Create | Camel Scout |
| 22:56 | Build | House |
| 23:02 | Create | Cavalry Archer |
| 23:10 | Create | Villager (Male) |
| 23:34 | Create | Cavalry Archer |
| 23:34 | Create | Cavalry Archer |
| 23:37 | Create | Villager (Male) |
| 23:39 | Create | Villager (Male) |
| 23:50 | Build | House |
| 23:53 | Build | House |
| 24:09 | Research | Ballistics |
| 24:09 | Research | Ballistics |
| 24:12 | Create | Villager (Male) |
| 24:16 | Create | Villager (Male) |
| 24:16 | Create | Villager (Male) |
| 24:25 | Create | Villager (Male) |
| 24:36 | Build | House |
| 24:39 | Create | Cavalry Archer |
| 24:39 | Create | Cavalry Archer |
Match timeline
| 4:47 | WhiteForest · first_building Barracks |
| 9:14 | WhiteForest · wall_segment Palisade Wall x15 |
| 9:15 | WhiteForest · wall_segment Palisade Wall x1 |
| 9:40 | blytz · age_up feudal |
| 9:41 | WhiteForest · age_up feudal |
| 9:42 | WhiteForest · first_building Archery Range |
| 12:34 | WhiteForest · wall_segment Palisade Wall x5 |
| 12:53 | WhiteForest · wall_segment Palisade Wall x8 |
| 12:58 | WhiteForest · wall_segment Palisade Wall x1 |
| 13:12 | blytz · wall_segment Palisade Wall x1 |
| 13:22 | blytz · wall_segment Palisade Wall x7 |
| 13:25 | WhiteForest · wall_segment Palisade Wall x1 |
| 14:39 | blytz · first_building Barracks |
| 15:34 | blytz · first_building Archery Range |
| 16:11 | WhiteForest · first_building Stable |
| 16:47 | blytz · age_up castle |
| 17:09 | WhiteForest · wall_segment Palisade Wall x1 |
| 17:11 | WhiteForest · wall_segment Palisade Wall x1 |
| 20:01 | WhiteForest · age_up castle |
| 20:51 | WhiteForest · first_market_sell 100 food |
| 22:31 | blytz · wall_segment Palisade Wall x4 |
| 24:00 | WhiteForest · first_market_buy 100 wood |
| 25:14 | WhiteForest · resign |
[ AI ANALYSIS · 1 CREDIT ]
What really happened in this match?
Wolo.gg analyzes every decision: build order, eco, micro, common mistakes by bracket. Personalized analysis on WhatsApp or Discord in 30 seconds.
Civ guide
Mapuche
Perfil
blytz